 Dungeon Crawl Stone Soup version 0.28.0-43-g3370ac3207 (webtiles) character file.

Game seed: 12755264572849540303

397 Ablot the Grasshopper (level 6, -4/51 HPs)
             Began as a Gnoll Warper on Mar 7, 2022.
             Was an Initiate of Okawaru.
             Slain by Blork the orc
             ... wielding a +0 halberd
              (14 damage)
             ... on level 4 of the Dungeon.
             The game lasted 00:05:32 (3494 turns).

Ablot the Grasshopper (Gnoll Warper)                Turns: 3494, Time: 00:05:33

Health: -4/51      AC:  3    Str: 12    XL:     6   Next: 83%
Magic:  12/14      EV: 13    Int: 13    God:    Okawaru [......]
Gold:   62         SH:  0    Dex: 11    Spells: 11/15 levels left

rFire   . . .      SeeInvis .   a - +0 trident (vorpal)
rCold   . . .      Faith    .   (no shield)
rNeg    . . .      Spirit   .   b - +0 leather armour
rPois   .          Reflect  .   (no helmet)
rElec   .          Harm     .   (no cloak)
rCorr   .          Rampage  .   (no gloves)
Will    .....                   (no boots)
Stlth   ++........              (no amulet)
HPRegen 0.17/turn               (no ring)
MPRegen 0.14/turn               (no ring)

@: no status effects
A: fangs 1, strong nose, distributed training
a: Renounce Religion


You were on level 4 of the Dungeon.
You worshipped Okawaru.
Okawaru was noncommittal.
You visited 1 branch of the dungeon, and saw 4 of its levels.

You collected 62 gold pieces.

Inventory:

Hand Weapons
 a - a +0 vorpal trident (weapon)
 q - a +2 dagger of venom
Missiles
 d - 5 boomerangs of dispersal
 j - 41 sling bullets
 k - 13 bolts
 n - 94 arrows
 o - 64 stones
 s - a poisoned dart (quivered)
 t - 3 boomerangs
Armour
 b - a +0 leather armour (worn)
Jewellery
 f - a ring of flight
Scrolls
 c - 3 scrolls of blinking
 e - 6 scrolls of identify {unknown}
 g - a scroll of enchant weapon {unknown}
 i - a scroll of fog {unknown}
 l - a scroll of fear {unknown}
 m - a scroll of magic mapping {unknown}
 r - a scroll of teleportation {unknown}
 v - a scroll of amnesia {unknown}
Potions
 h - a potion of haste {unknown}
 p - 2 potions of degeneration {unknown}
 u - a potion of cancellation {unknown}


   Skills:
 + Level 5.0 Fighting
 + Level 2.1 Short Blades
 + Level 2.1 Long Blades
 + Level 2.1 Axes
 + Level 2.1 Maces & Flails
 + Level 5.0 Polearms
 + Level 2.1 Staves
 + Level 2.1 Slings
 + Level 2.1 Bows
 + Level 2.1 Crossbows
 + Level 3.3 Throwing
 + Level 3.3 Armour
 + Level 5.0 Dodging
 + Level 2.1 Stealth
 + Level 2.1 Shields
 + Level 2.1 Unarmed Combat
 + Level 5.4 Spellcasting
 + Level 1.7 Conjurations
 + Level 1.7 Hexes
 + Level 1.7 Summonings
 + Level 1.7 Necromancy
 + Level 5.7 Translocations
 + Level 1.7 Transmutations
 + Level 1.7 Fire Magic
 + Level 1.7 Ice Magic
 + Level 1.7 Air Magic
 + Level 1.7 Earth Magic
 + Level 1.7 Poison Magic
 + Level 2.3 Invocations
 + Level 2.1 Evocations


You had 11 spell levels left.
You knew the following spells:

 Your Spells              Type           Power      Damage    Failure   Level
a - Blink                 Tloc           36%        N/A       3%          2
b - Sting                 Tmut/Pois      32%        1d4       11%         1
c - Slow                  Hex            32%        N/A       11%         1

Your spell library contained the following spells:

 Spells                   Type           Power      Damage    Failure   Level
 Gell's Gravitas          Tloc           18%        N/A       6%          3
 Lesser Beckoning         Tloc           18%        N/A       6%          3
 Teleport Other           Tloc           18%        N/A       6%          3
 Poisonous Vapours        Pois/Air       16%        N/A       17%         2
 Confusing Touch          Hex            8%         N/A       32%         3
 Dazzling Flash           Conj/Hex       16%        N/A       32%         3
 Vampiric Draining        Necr           8%         2d6       32%         3
 Iskenderun's Mystic Bla  Conj/Tloc      13%        2d5       43%         4
 Manifold Assault         Tloc           18%        N/A       52%         5
 Fulminant Prism          Conj/Hex       4%         3d6       73%         4
 Olgreb's Toxic Radiance  Pois           8%         N/A       73%         4
 Agony                    Necr           8%         N/A       97%         5
 Lee's Rapid Deconstruct  Erth           4%         3d6*      97%         5
 Silence                  Hex/Air        4%         N/A       97%         5


Dungeon Overview and Level Annotations

Branches:
Dungeon (4/15)
 Temple: D:4-7

Altars:
Okawaru
Xom

Annotations:
D:4 Blork the orc


Innate Abilities, Weirdness & Mutations

You have very sharp teeth.
Your uncanny sense of smell can sniff out nearby items.
Your experience applies equally to all skills.


Message History

* * * LOW HITPOINT WARNING * * *
Okay, then.
You can't go up here!
Cast which spell? (? or * to list)
You blink.
Casting: Blink (safe; 3% risk of failure)
Confirm with . or Enter, or press ? or * to list all spells.
Aiming: Slow (safe; 11% risk of failure)
Press: ? - help, Shift-Dir - straight line, f/p - Blork the orc
Aim: Blork the orc, wielding a +0 halberd and wearing a +0 robe of resistance (heavily wounded, chance to affect: 46%) Blork the orc seems to slow down.
Throw: 5 darts (poison)
Press: ? - help, Q - select action, (/) - cycle Shift-Dir - straight line, f/p - Blork the orc
Aim: Blork the orc, wielding a +0 halberd and wearing a +0 robe of resistance (heavily wounded, slow, 63% to hit)
You throw a poisoned dart. The poisoned dart hits Blork the orc.
Blork the orc is poisoned.
Blork the orc is heavily wounded.
Throw: 4 darts (poison)
Press: ? - help, Q - select action, (/) - cycle Shift-Dir - straight line, f/p - Blork the orc
Aim: Blork the orc, wielding a +0 halberd and wearing a +0 robe of resistance (heavily wounded, poisoned, slow, 63% to hit)
You throw a poisoned dart. The poisoned dart hits Blork the orc.
Blork the orc looks even sicker.
Blork the orc is heavily wounded.
You feel stable enough to blink again.
Blork the orc gestures wildly while chanting.
Blork the orc seems to speed up.
Throw: 3 darts (poison)
Press: ? - help, Q - select action, (/) - cycle Shift-Dir - straight line, f/p - Blork the orc
Aim: Blork the orc, wielding a +0 halberd and wearing a +0 robe of resistance (heavily wounded, fast, very poisoned, slow, 63% to hit)
You throw a poisoned dart.
The poisoned dart closely misses Blork the orc.
Throw: 2 darts (poison)
Press: ? - help, Q - select action, (/) - cycle Shift-Dir - straight line, f/p - Blork the orc
Aim: Blork the orc, wielding a +0 halberd and wearing a +0 robe of resistance (heavily wounded, fast, very poisoned, slow, 63% to hit)
You throw a poisoned dart. The poisoned dart hits Blork the orc.
Blork the orc looks even sicker.
Blork the orc is heavily wounded.
Blork the orc screams, "I'll drink your blood!
Soon!"
Blork the orc hits you from afar with a +0 halberd!
You die...

..............#######.#######....
........................ ..
.###....#####..######.#.# ##
#......# ##.## #...# #......#
#..# ### # ##.....# ##.## ∆
#.....# #..# #.....# ##.# #.....#
#@## #..# ##o## #(.# ##+##
##.##....# #..#o...########
##.#....+....... #(.....###.....
##.....# #.####


You could see Blork the orc (fast, very poisoned, slow).

Vanquished Creatures
  A water moccasin skeleton (D:4)
  An orc priest (D:3)
  A centaur skeleton (D:4)
  A bullfrog skeleton (D:3)
  2 iguanas (D:4)
  2 orc wizards (D:3)
  5 adders
  An adder skeleton (D:4)
  A worm (D:4)
  4 dart slugs
  14 orcs
  3 ball pythons (D:2)
  12 endoplasms
  3 giant cockroaches
  2 goblins
  7 hobgoblins
  3 jackals (D:2)
  7 quokkas
  5 bats
  4 frilled lizards
  12 kobolds
  3 rats
94 creatures vanquished.

Notes
Turn   | Place    | Note
-------+----------+-------------------------------------------
     0 | D:1      | Ablot the Gnoll Warper began the quest for the Orb.
     0 | D:1      | Reached XP level 1. HP: 20/20 MP: 6/6
   357 | D:1      | Reached XP level 2. HP: 26/26 MP: 7/7
   360 | D:1      | Learned a level 2 spell: Blink
   777 | D:1      | Reached XP level 3. HP: 31/31 MP: 9/9
   817 | D:1      | Reached skill level 5 in Spellcasting
  1016 | D:2      | Reached skill level 1 in Invocations
  1132 | D:2      | Reached skill level 1 in Short Blades
  1132 | D:2      | Reached skill level 1 in Long Blades
  1132 | D:2      | Reached skill level 1 in Axes
  1132 | D:2      | Reached skill level 1 in Maces & Flails
  1132 | D:2      | Reached skill level 1 in Staves
  1132 | D:2      | Reached skill level 1 in Slings
  1132 | D:2      | Reached skill level 1 in Bows
  1132 | D:2      | Reached skill level 1 in Crossbows
  1132 | D:2      | Reached skill level 1 in Stealth
  1132 | D:2      | Reached skill level 1 in Shields
  1132 | D:2      | Reached skill level 1 in Unarmed Combat
  1132 | D:2      | Reached skill level 1 in Evocations
  1174 | D:2      | Reached XP level 4. HP: 35/38 MP: 11/11
  1250 | D:2      | You fall into a shaft and drop 1 floor!
  1398 | D:3      | Reached skill level 1 in Conjurations
  1398 | D:3      | Reached skill level 1 in Hexes
  1398 | D:3      | Reached skill level 1 in Summonings
  1398 | D:3      | Reached skill level 1 in Necromancy
  1398 | D:3      | Reached skill level 1 in Transmutations
  1398 | D:3      | Reached skill level 1 in Fire Magic
  1398 | D:3      | Reached skill level 1 in Ice Magic
  1398 | D:3      | Reached skill level 1 in Air Magic
  1398 | D:3      | Reached skill level 1 in Earth Magic
  1398 | D:3      | Reached skill level 1 in Poison Magic
  1499 | D:3      | Found an iron altar of Okawaru.
  1514 | D:3      | Became a worshipper of Warmaster Okawaru
  1640 | D:3      | Reached XP level 5. HP: 37/43 MP: 12/12
  1653 | D:3      | Learned a level 1 spell: Sting
  1809 | D:3      | Found a faded altar of an unknown god.
  2273 | D:3      | Found an iron altar of Okawaru.
  2275 | D:3      | Found an iron altar of Okawaru.
  2275 | D:3      | Found a shimmering altar of Xom.
  2277 | D:3      | Found a radiant altar of Vehumet.
  2277 | D:3      | Found an iron altar of Okawaru.
  2277 | D:3      | Found an opulent altar of Gozag.
  2734 | D:3      | Reached XP level 6. HP: 50/50 MP: 13/13
  2885 | D:4      | Identified the amulet "Oruyps" {Acrobat Rampage *Corrode
                  | Dex+9}
  2898 | D:4      | Learned a level 1 spell: Slow
  2944 | D:4      | Reached skill level 5 in Fighting
  2944 | D:4      | Reached skill level 5 in Polearms
  2944 | D:4      | Reached skill level 5 in Dodging
  3477 | D:4      | Noticed Blork the orc
  3494 | D:4      | Slain by Blork the orc

Illustrated notes

Levels and vault maps discovered:
D:1:      dpeg_arrival_radiant, layout_basic
D:2:      layout_basic, nrook_uturn, grunt_ministairs_8
D:3:      layout_rooms, doesnt_xom_only_xom, mainiacjoe_overflow_alcove_4,
          basic_ecumenical_altar
D:4:      layout_basic, gammafunk_temple_overflow_wave, uniq_blork_the_orc

Skill      XL: |  1  2  3  4  5  6 |
---------------+-------------------+-----
Spellcasting   | 5 |  5.4
Invocations    | 1 2 |  2.3
Short Blades   | 1 2 |  2.1
Long Blades    | 1 2 |  2.1
Axes           | 1 2 |  2.1
Maces & Flails | 1 2 |  2.1
Staves         | 1 2 |  2.1
Slings         | 1 2 |  2.1
Bows           | 1 2 |  2.1
Crossbows      | 1 2 |  2.1
Stealth        | 1 2 |  2.1
Shields        | 1 2 |  2.1
Unarmed Combat | 1 2 |  2.1
Evocations     | 1 2 |  2.1
Conjurations   | 1 |  1.7
Hexes          | 1 |  1.7
Summonings     | 1 |  1.7
Necromancy     | 1 |  1.7
Transmutations | 1 |  1.7
Fire Magic     | 1 |  1.7
Ice Magic      | 1 |  1.7
Air Magic      | 1 |  1.7
Earth Magic    | 1 |  1.7
Poison Magic   | 1 |  1.7
Throwing       | 3 |  3.3
Armour         | 3 |  3.3
Fighting       | 5 |  5.0
Polearms       | 5 |  5.0
Dodging        | 5 |  5.0
Translocations | |  5.7

Action                   |  1- 3 |  4- 6 || total
-------------------------+-------+-------++-------
Melee: Spear             |    64 |       ||    64
       Bite              |     7 |    21 ||    28
       Trident           |    48 |   208 ||   256
       Punch             |     1 |       ||     1
Throw: Dart              |       |    10 ||    10
 Cast: Slow              |       |     1 ||     1
       Blink             |       |     1 ||     1
 Stab: Distracted        |     1 |     2 ||     3
       Sleeping          |     1 |     3 ||     4
Armor: Leather armour    |    21 |    30 ||    51
Dodge: Dodged            |    53 |   116 ||   169
